[Event "Team 45 45 League T53"]
[Site "Internet Chess Club"]
[Date "2012.05.20"]
[Round "1"]
[White "ryan2chess"]
[Black "McKnights"]
[Result "1-0"]
[WhiteElo "1842"]
[BlackElo "1712"]
[Opening "Scotch gambit"]
[ECO "C44"]
[Time "19:04:56"]
[TimeControl "2700+45"]

1. e4 e5 2. Nf3 Nc6 3. d4 exd4 4. Bc4 h6 5. c3 Qe7 6. O-O Ne5 7. Nxe5 Qxe5 8.
cxd4 Qe7 9. Nc3 c6 10. Qf3 d6 11. Bf4 Kd8 12. Bg3 Be6 13. d5 cxd5 14. exd5 Bd7
15. Ne4 f6 16. Nxd6 Qxd6 17. Bxd6 Bxd6 18. Qb3 Rb8 19. Rfe1 Ne7 20. Bb5 Bf5 21.
Qf3 a6 22. Rxe7 Bxe7 23. Qxf5 axb5 24. Qe6 Bc5 25. Re1 Kc7 26. d6+ Kb6 27. d7+
Ka7 28. Qe8 Bb6 29. Qe7 Rbd8 30. Rc1 g5 31. Rc3 Rhf8 32. Qa3+ Kb8 33. Qd6+ Ka8
34. Ra3+ Ba7 35. Qb6 Kb8 36. Qxa7+ Kc7 37. Qc5+ Kb8 38. Qd6# {Black checkmated}
1-0

[Event "Team 45 45 League T53"]
[Site "Internet Chess Club"]
[Date "2012.05.20"]
[Round "1"]
[White "badmove"]
[Black "zigzag2002"]
[Result "1/2-1/2"]
[WhiteElo "1759"]
[BlackElo "1836"]
[Opening "QGD: Tarrasch, Prague variation, 9.Bg5"]
[ECO "D34"]
[Time "16:24:21"]
[TimeControl "2700+45"]

1. d4 d5 2. c4 e6 3. Nc3 c5 4. cxd5 exd5 5. Nf3 Nc6 6. g3 Nf6 7. Bg2 Be7 8. O-O
O-O 9. Bg5 c4 10. Ne5 Be6 11. Nxc6 bxc6 12. b3 Qa5 13. Na4 Rfd8 14. e3 Rac8 15.
Bxf6 Bxf6 16. Nc5 Qc7 17. Nxe6 fxe6 18. bxc4 dxc4 19. Rc1 Qd6 20. Rxc4 c5 21.
Qa4 cxd4 22. Rxc8 Rxc8 23. exd4 {Game drawn by mutual agreement} 1/2-1/2

[Event "Team 45 45 League T53"]
[Site "Internet Chess Club"]
[Date "2012.05.19"]
[Round "1"]
[White "Signalman"]
[Black "oldprez"]
[Result "1/2-1/2"]
[WhiteElo "1532"]
[BlackElo "1486"]
[Opening "Pirc defense"]
[ECO "B07"]
[Time "12:32:54"]
[TimeControl "2700+45"]

1. e4 d6 2. d4 Nf6 3. Nc3 g6 4. Be3 Bg7 5. Qd2 O-O 6. O-O-O Nbd7 7. f3 c5 8. g4
cxd4 9. Bxd4 Nb6 10. g5 Ne8 11. Bxg7 Nxg7 12. h3 Be6 13. f4 Nc4 14. Bxc4 Bxc4
15. Nf3 Qa5 16. Kb1 b5 17. b3 b4 18. Nd5 Bxd5 19. Qxd5 Qxd5 20. Rxd5 a5 21. Nd4
Rfc8 22. Re1 Nh5 23. f5 Nf4 24. Rb5 Nxh3 25. f6 exf6 26. gxf6 Nf2 27. Rb6 Re8
28. Nc6 Nxe4 29. Ne7+ Rxe7 30. fxe7 f5 31. Kb2 Kf7 32. Rb7 Re8 33. Rh1 h5 34.
Ra7 Rxe7 35. Rxa5 Kf6 36. Rb5 Rh7 37. Rxb4 h4 38. a4 h3 39. a5 g5 40. a6 g4 41.
Rb7 Rh8 42. a7 Ra8 43. b4 Nf2 44. b5 g3 45. Re1 h2 46. Rh7 Rxa7 47. Rxa7 h1=Q
48. Rxh1 Nxh1 49. b6 g2 50. b7 g1=Q 51. b8=Q Qd4+ 52. Kb3 Qd5+ 53. Ka3 Qc5+ 54.
Kb2 Qd4+ {Game drawn by mutual agreement} 1/2-1/2

[Event "Team 45 45 League T53"]
[Site "Internet Chess Club"]
[Date "2012.05.20"]
[Round "1"]
[White "Grenadier"]
[Black "az2112"]
[Result "0-1"]
[WhiteElo "1769"]
[BlackElo "1665"]
[Opening "Pirc: Austrian attack"]
[ECO "B09"]
[Time "11:48:51"]
[TimeControl "2700+45"]

1. e4 d6 2. d4 Nf6 3. Nc3 g6 4. f4 Bg7 5. Nf3 O-O 6. Be2 c6 7. Be3 b5 8. O-O b4
9. Na4 Nxe4 10. Qe1 a5 11. Rd1 Ba6 12. Nd2 Bxe2 13. Qxe2 Nxd2 14. Rxd2 e6 15. g4
Nd7 16. b3 Nf6 17. Qf3 Nd5 18. Bf2 Qf6 19. Bg3 Rac8 20. f5 exf5 21. gxf5 Qg5 22.
Rd3 Qd8 23. h4 h5 24. Kg2 Qd7 25. Nb2 Nb6 26. Qf4 d5 27. Qg5 Kh7 28. Bf4 Qxf5
29. Qxf5 gxf5 30. Bd6 Rg8 31. Kh3 c5 32. Bxc5 Nd7 33. Na4 Nxc5 34. Nxc5 Bxd4 35.
Nb7 Bb6 36. Nd6 Rxc2 37. Nxf7 Bc7 38. Ng5+ Kh8 39. Rh1 Re8 40. Rf3 Ree2 {White
resigns} 0-1

[Event "Team 45 45 League T53"]
[Site "Internet Chess Club"]
[Date "2012.05.17"]
[Round "1"]
[White "powerchess1"]
[Black "zepled37"]
[Result "1-0"]
[WhiteElo "1693"]
[BlackElo "1604"]
[Opening "Queen's pawn, Mason variation"]
[ECO "D00"]
[Time "18:15:29"]
[TimeControl "2700+45"]

1. d4 d5 2. Bf4 Nf6 3. e3 e6 4. Bd3 Bd6 5. Bg5 Nbd7 6. Nf3 c6 7. Nbd2 Qc7 8. Qe2
b6 9. e4 dxe4 10. Nxe4 Nxe4 11. Bxe4 Bb7 12. Bh4 h6 13. Bg3 O-O 14. O-O Rae8 15.
Ne5 Nf6 16. Bf3 Nd5 17. c4 Ne7 18. c5 Bxe5 19. Bxe5 Qc8 20. Rfe1 b5 21. Bd6 Qd7
22. a4 a6 23. axb5 axb5 24. b4 Ra8 25. Qb2 Rfd8 26. Be4 Nc8 27. Rxa8 Bxa8 28.
Be5 f6 29. Qa2 fxe5 30. Qxa8 Ne7 31. Qa2 exd4 32. Bd3 Nd5 33. Qd2 Re8 34. Bg6
Rf8 35. Qxd4 Rf6 36. Bb1 Qa7 37. g3 Qa4 38. Qe5 Kf7 39. Qh5+ Ke7 40. Qe5 Qxb4
41. Qd6+ Kf7 42. Qd7+ Ne7 43. Rf1 Qxc5 44. Bh7 b4 45. h4 b3 46. h5 b2 47. Bg6+
Kg8 48. Qe8+ Rf8 49. Bf7+ Kh7 50. Qxf8 Qc1 51. Qxe7 Qxf1+ 52. Kxf1 b1=Q+ 53. Kg2
Qe4+ 54. Kh2 Qf3 55. Bg6+ Kg8 56. Qe8+ Qf8 57. Bh7+ Kxh7 58. Qxf8 {Black
resigns} 1-0

[Event "Team 45 45 League T53"]
[Site "Internet Chess Club"]
[Date "2012.05.19"]
[Round "1"]
[White "GoIrish"]
[Black "spongenotbob"]
[Result "0-1"]
[WhiteElo "1567"]
[BlackElo "1731"]
[Opening "Réti opening"]
[ECO "A04"]
[Time "21:01:04"]
[TimeControl "2700+45"]

1. Nf3 c6 2. g3 d5 3. Bg2 Nf6 4. O-O Bf5 5. d3 e6 6. Nbd2 Nbd7 7. Re1 Qc7 8. b3
O-O-O 9. c4 Bd6 10. Rb1 Nb6 11. Bb2 Bg4 12. h3 Bxf3 13. Nxf3 Bb4 14. Rf1 dxc4
15. Be5 Bd6 16. Bxd6 Rxd6 17. bxc4 Nxc4 18. Qa4 Nb6 19. Qxa7 Nfd7 20. Rfc1 Kd8
21. Ng5 Ke7 22. Qa3 Ra8 23. Qb2 f6 24. Ne4 Rd5 25. Nc3 Rda5 26. Nb5 Qe5 27. Qxe5
fxe5 28. Nc3 Rc5 29. Ne4 Rxc1+ 30. Rxc1 Rxa2 31. e3 Ra3 32. Bf1 Nd5 33. Nc5 Nxc5
34. Rxc5 Kd6 35. Rc4 b5 36. Rc1 Nc3 37. Kg2 b4 38. d4 exd4 39. exd4 Kd5 40. Bd3
Kxd4 41. Bxh7 b3 42. Re1 e5 43. Kf3 b2 44. Re3 b1=Q 45. Bxb1 Nxb1 46. Rxa3 Nxa3
47. h4 c5 48. h5 c4 49. g4 c3 50. Ke2 c2 51. Kd2 Ke4 52. g5 Kf5 53. h6 gxh6 54.
gxh6 Kg6 {White resigns} 0-1

[Event "Team 45 45 League T53"]
[Site "Internet Chess Club"]
[Date "2012.05.20"]
[Round "1"]
[White "sdcohle"]
[Black "BrerRabbit"]
[Result "0-1"]
[WhiteElo "1376"]
[BlackElo "1486"]
[Opening "King's Indian: 5.Nf3"]
[ECO "E90"]
[Time "21:02:55"]
[TimeControl "2700+45"]

1. d4 Nf6 2. c4 g6 3. Nc3 Bg7 4. e4 d6 5. Nf3 O-O 6. Bd3 c5 7. d5 Nbd7 8. O-O
Ne5 9. Nxe5 dxe5 10. b3 a6 11. Bb2 Ne8 12. Ne2 Bg4 13. f3 Bd7 14. f4 Qc7 15. f5
Nd6 16. fxg6 hxg6 17. Ng3 b5 18. Qe2 b4 19. a3 a5 20. a4 Ne8 21. Rad1 Nf6 22.
Qd2 Kh7 23. Qg5 Bh6 24. Qxe5 Qxe5 25. Bxe5 Bg4 26. Rb1 Nd7 27. Bb2 Bg7 28. Bxg7
Kxg7 29. Rf4 Ne5 30. Bc2 Rh8 31. h3 Bd7 32. Rd1 Ra6 33. Ne2 g5 34. Rf2 g4 35.
hxg4 Bxg4 36. Rd2 Bxe2 37. Rdxe2 Rah6 38. Rf4 Rh1+ 39. Kf2 R8h6 40. Ke3 Rg6 41.
Kd2 Rh2 42. Ref2 f6 43. Bd1 Rgxg2 44. Ke3 Rh3+ 45. Ke2 Rg1 46. Bc2 Rgg3 47. Kd2
Nf3+ 48. Kc1 Ne5 49. Kb2 Nd3+ 50. Bxd3 Rxd3 51. Rg2+ Kf7 52. Rfg4 Rxb3+ 53. Kc2
Rbc3+ 54. Kb2 Rxc4 55. Rg7+ Ke8 56. d6 exd6 57. Rd2 Rd4 58. Rf2 Rxe4 59. Ra7 Rh6
60. Rg2 Kf8 61. Rgg7 c4 62. Rgb7 Re2+ 63. Kc1 Rh1# {White checkmated} 0-1

[Event "Team 45 45 League T53"]
[Site "Internet Chess Club"]
[Date "2012.05.20"]
[Round "1"]
[White "parpin"]
[Black "gnokin"]
[Result "1-0"]
[WhiteElo "1989"]
[BlackElo "1869"]
[Opening "Sicilian: O'Kelly variation"]
[ECO "B28"]
[Time "12:00:58"]
[TimeControl "2700+45"]

1. e4 c5 2. Nf3 a6 3. d4 cxd4 4. Nxd4 Nf6 5. Nc3 e5 6. Nb3 Bb4 7. Bd2 O-O 8. Bd3
Nc6 9. O-O Bxc3 10. Bxc3 d5 11. exd5 Nxd5 12. Bd2 f5 13. Bc4 Kh8 14. Ba5 Nxa5
15. Qxd5 Nxc4 16. Qxc4 Bd7 17. Rad1 Qe8 18. Rfe1 Bc6 19. Nd4 Bxg2 20. Kxg2 Qg6+
21. Kh1 exd4 22. Qxd4 Qc6+ 23. Kg1 h6 24. c3 Rf6 25. Qd5 Qb6 26. b4 Rg6+ 27. Kf1
Rf8 28. Re7 Qf6 29. Re3 f4 30. Rf3 b5 31. Rd4 Qh4 32. h3 Qh5 33. Qxh5 {Black
resigns} 1-0

[Event "Team 45 45 League T53"]
[Site "Internet Chess Club"]
[Date "2012.05.20"]
[Round "1"]
[White "AlexMano"]
[Black "Goli"]
[Result "1/2-1/2"]
[WhiteElo "1766"]
[BlackElo "1871"]
[Opening "Queen's pawn: London system"]
[ECO "A45"]
[Time "16:00:24"]
[TimeControl "2700+45"]

1. d4 Nf6 2. Bf4 g6 3. e3 Bg7 4. Nf3 O-O 5. Be2 c5 6. c3 cxd4 7. exd4 d6 8. Nbd2
Nc6 9. O-O Nh5 10. Bg3 Nxg3 11. hxg3 e5 12. dxe5 dxe5 13. Qb3 Qc7 14. Rad1 Be6
15. Qc2 Rad8 16. Nb3 Na5 17. Ng5 Bf5 18. Ne4 Nxb3 19. axb3 Qb6 20. Bf3 Be6 21.
b4 f5 22. Nc5 e4 23. Nxe6 Qxe6 24. Be2 Kh8 25. Qc1 a6 26. Qe3 Bf6 27. Ra1 Rd6
28. Qc5 Qd5 29. Qxd5 Rxd5 30. Rfd1 Rfd8 31. Kf1 Kg7 32. Ke1 Kf8 33. Rxd5 Rxd5
34. Ra5 Rd7 35. Rc5 Ke7 36. b5 Kd6 37. Rc8 a5 38. Kd1 b6 39. Kc2 Ke5 40. Rc6 Bd8
41. Bc4 f4 42. g4 Rd6 43. Rxd6 Kxd6 44. Bg8 h5 45. gxh5 gxh5 46. Kd2 Bg5 47. Ke2
Kc5 48. Bh7 f3+ 49. gxf3 exf3+ 50. Kxf3 Kxb5 51. Bd3+ Kc5 52. Kg3 Bc1 53. b4+
axb4 54. cxb4+ {Game drawn by mutual agreement} 1/2-1/2

[Event "Team 45 45 League T53"]
[Site "Internet Chess Club"]
[Date "2012.05.20"]
[Round "1"]
[White "bayoumicardio10"]
[Black "AntonioMendonca"]
[Result "0-1"]
[WhiteElo "1717"]
[BlackElo "1819"]
[Opening "French: Winawer, advance, Bogolyubov variation"]
[ECO "C17"]
[Time "18:01:34"]
[TimeControl "2700+45"]

1. e4 e6 2. d4 d5 3. Nc3 Bb4 4. e5 c5 5. Bd2 cxd4 6. Nb5 Nc6 7. Bxb4 Nxb4 8. a3
Nc6 9. f4 Qb6 10. Nf3 Nge7 11. Bd3 O-O 12. O-O f6 13. Kh1 Nf5 14. Qe2 a6 15.
Bxf5 Qxb5 16. Qxb5 axb5 17. Bd3 fxe5 18. fxe5 Bd7 19. Bxb5 Nxe5 20. Bxd7 Nxd7
21. Nxd4 e5 22. Nf5 Rf7 23. Kg1 Ra6 24. Rad1 d4 25. Ng3 Rxf1+ 26. Kxf1 Nb6 27.
Ne4 Nc4 28. Kf2 Rb6 29. Rb1 Nxa3 30. Ra1 Nxc2 31. Ra8+ Kf7 32. b3 Rxb3 33. Nd6+
Ke6 34. Nc4 Kd5 35. Rc8 Rb4 36. Nd2 d3 37. Rd8+ Ke6 38. Rxd3 e4 39. Nxe4 Rxe4
40. Rb3 Rb4 41. Rc3 Nd4 42. Re3+ Kd5 43. Rg3 Rb2+ 44. Kg1 Ne2+ {White resigns}
0-1

[Event "Team 45 45 League T53"]
[Site "Internet Chess Club"]
[Date "2012.05.16"]
[Round "1"]
[White "Terlizzi"]
[Black "Hal2001"]
[Result "1-0"]
[WhiteElo "1677"]
[BlackElo "1644"]
[Opening "Sicilian: accelerated fianchetto, Maróczy bind, 5...Bg7"]
[ECO "B37"]
[Time "19:02:47"]
[TimeControl "2700+45"]

1. e4 g6 2. d4 Bg7 3. c4 c5 4. Nf3 cxd4 5. Nxd4 Nc6 6. Nxc6 bxc6 7. Nc3 Bxc3+ 8.
bxc3 Qa5 9. Bd2 d6 10. Bd3 Nf6 11. Qf3 Bg4 12. Qg3 O-O 13. O-O Rab8 14. f3 Be6
15. Bh6 Nh5 16. Qh4 Rfe8 17. f4 Qxc3 18. Rad1 Bxc4 19. Bxc4 Qxc4 20. f5 f6 21.
fxg6 hxg6 22. Be3 Qc3 23. Bd4 Qc4 24. g4 e5 25. gxh5 g5 26. Qf2 exd4 27. Qxf6
Rb7 28. Qg6+ Rg7 29. Qxe8+ Kh7 30. Rf8 {Black resigns} 1-0

[Event "Team 45 45 League T53"]
[Site "Internet Chess Club"]
[Date "2012.05.16"]
[Round "1"]
[White "room-matt"]
[Black "barbak"]
[Result "0-1"]
[WhiteElo "1757"]
[BlackElo "1859"]
[Opening "Caro-Kann defense"]
[ECO "B12"]
[Time "15:02:08"]
[TimeControl "2700+45"]

1. e4 c6 2. d4 d5 3. Qf3 dxe4 4. Qxe4 Nf6 5. Qe3 Bg4 6. c4 e6 7. f3 Bf5 8. Nc3
Be7 9. Nge2 O-O 10. Ng3 Bg6 11. Be2 Re8 12. O-O Qc7 13. Nce4 Nbd7 14. b3 c5 15.
Bb2 Rad8 16. Rfd1 b6 17. Rac1 Qc6 18. Kh1 Nxe4 19. fxe4 cxd4 20. Bxd4 Bc5 21.
Bh5 Bxd4 22. Qxd4 Qc5 23. Bxg6 hxg6 24. Ne2 Qg5 25. Qf2 Nc5 26. Qf3 Rxd1+ 27.
Rxd1 Rd8 28. Nc3 Rd2 29. Rxd2 Qxd2 30. h3 Kf8 31. Kh2 Ke7 32. e5 Qd4 33. Qg3 a6
34. Ne2 Qe4 35. Nc3 Qf5 36. Ne2 Nd3 37. Nd4 Qe4 38. Nf3 Qe2 39. Nd4 Qe4 40. Nf3
b5 41. cxb5 axb5 42. Qg5+ Kd7 43. h4 Ke8 44. h5 gxh5 45. Qxh5 Qf4+ 46. g3 Qe3
47. Kh3 Nf2+ 48. Kg2 Qe2 49. Qh8+ Ke7 50. Qh4+ Ke8 51. Qh8+ Kd7 52. Nd4 Qe4+ 53.
Nf3 Ng4 54. Qxg7 Ne3+ 55. Kf2 Nd1+ 56. Kg2 Qe2+ 57. Kh3 Qxf3 58. a4 Nf2+ 59. Kh4
bxa4 60. bxa4 Qe4+ 61. Kh5 Qf5+ 62. Qg5 Qh7+ 63. Qh6 Qxh6+ 64. Kxh6 Ng4+ 65. Kg5
Nxe5 66. Kf6 Ng4+ 67. Kxf7 e5 68. a5 e4 69. a6 Kc6 {White resigns} 0-1

[Event "Team 45 45 League T53"]
[Site "Internet Chess Club"]
[Date "2012.05.20"]
[Round "1"]
[White "tsia68"]
[Black "zap2"]
[Result "1/2-1/2"]
[WhiteElo "1801"]
[BlackElo "1743"]
[Opening "Caro-Kann: closed (Breyer) variation"]
[ECO "B10"]
[Time "12:30:35"]
[TimeControl "2700+45"]

1. e4 c6 2. d3 g6 3. Nf3 Bg7 4. g3 d5 5. Nbd2 Nd7 6. Bg2 dxe4 7. dxe4 e5 8. Nc4
Qc7 9. Nd6+ Ke7 10. Nxc8+ Rxc8 11. O-O Ngf6 12. Qe2 Rhe8 13. b3 Kf8 14. a4 Kg8
15. Ba3 Nf8 16. Rad1 Rcd8 17. Nd2 Ne6 18. c3 Bf8 19. Bc1 Nc5 20. Ba3 Nxa4 21.
bxa4 Bxa3 {Game drawn by mutual agreement} 1/2-1/2

[Event "Team 45 45 League T53"]
[Site "Internet Chess Club"]
[Date "2012.05.20"]
[Round "1"]
[White "Dracoac"]
[Black "Duguesclin"]
[Result "1-0"]
[WhiteElo "1772"]
[BlackElo "1749"]
[Opening "Queen's pawn game, Darooha variation "]
[ECO "D02"]
[Time "09:12:34"]
[TimeControl "2700+45"]

1. Nf3 d5 2. d4 Nf6 3. c4 b6 4. cxd5 Bb7 5. Nc3 Nxd5 6. e3 e6 7. Be2 Bb4 8. Qc2
Nd7 9. O-O O-O 10. Bd2 N5f6 11. Nb5 Bxd2 12. Nxd2 Ba6 13. Bd3 Bxb5 14. Bxb5 c5
15. dxc5 Nxc5 16. Rfd1 Qe7 17. Nb3 Rac8 18. Nxc5 Rxc5 19. Qe2 Qc7 20. Bd3 g6 21.
h3 Rd8 22. a3 Rcd5 23. Rac1 Qe5 24. b4 b5 25. f3 a6 26. e4 Qd4+ 27. Kh1 Nh5 28.
Qe1 Qe5 29. exd5 Ng3+ 30. Kg1 Qd4+ 31. Kh2 Qf4 32. Qxg3 Qe3 33. d6 e5 34. Be4 f5
35. Qxe5 fxe4 36. Qe6+ Kg7 37. Qe7+ Kh6 38. Qxd8 Qf4+ 39. Kh1 exf3 40. Qa8 f2
41. d7 {Black resigns} 1-0

[Event "Team 45 45 League T53"]
[Site "Internet Chess Club"]
[Date "2012.05.19"]
[Round "1"]
[White "Ayensa80"]
[Black "beitmery"]
[Result "0-1"]
[WhiteElo "1672"]
[BlackElo "1659"]
[Opening "French: Steinitz, Boleslavsky variation"]
[ECO "C11"]
[Time "09:18:49"]
[TimeControl "2700+45"]

1. e4 e6 2. d4 d5 3. Nc3 Nf6 4. e5 Nfd7 5. f4 c5 6. Nf3 Nc6 7. Be3 Qb6 8. Na4
Qa5+ 9. c3 b6 10. Be2 Ba6 11. Bxa6 Qxa6 12. Kf2 cxd4 13. cxd4 Be7 14. a3 O-O 15.
Rf1 f6 16. Kg1 Rac8 17. Nc3 Na5 18. exf6 Nxf6 19. Ne5 Nc4 20. Qe2 Qb7 21. Qf3
Nxb2 22. Rfb1 Rxc3 23. Rxb2 Ne4 24. Qg4 Qc8 25. Re2 Rxa3 26. Rc1 Rc3 27. Rxc3
Nxc3 28. Rc2 Rf5 29. Qh3 Bd6 30. g4 Rf8 31. Kg2 b5 32. Bd2 b4 33. Bxc3 bxc3 34.
Rxc3 Qa6 35. Qe3 Rc8 36. Nd7 Kf7 37. Rb3 Rc2+ 38. Kg3 Qf1 39. Ne5+ Bxe5 40. Qxe5
Qf2+ {White resigns} 0-1

[Event "Team 45 45 League T53"]
[Site "Internet Chess Club"]
[Date "2012.05.20"]
[Round "1"]
[White "THE-WARRIOR"]
[Black "Svend24"]
[Result "0-1"]
[WhiteElo "1798"]
[BlackElo "1935"]
[Opening "Queen's Indian defense"]
[ECO "E12"]
[Time "23:45:34"]
[TimeControl "2700+45"]

1. d4 Nf6 2. c4 e6 3. Nf3 b6 4. Bg5 Be7 5. Nc3 Bb7 6. e3 O-O 7. Bd3 d5 8. cxd5
Nxd5 9. Bxe7 Qxe7 10. O-O Nd7 11. Rc1 Nxc3 12. bxc3 Rfd8 13. e4 c5 14. Re1 e5
15. d5 Nf6 16. c4 Bc8 17. h3 Nh5 18. Qd2 Nf4 19. Bf1 Rd6 20. Rc3 Bd7 21. Kh2 Rd8
22. Ng1 Bc8 23. g3 Ng6 24. Nf3 f6 25. Qc2 Bd7 26. Ra3 a5 27. Qb1 Be8 28. Rb3 Qc7
29. Rc1 Ne7 30. Bd3 Nc8 31. Rb2 Qe7 32. Qc2 g6 33. Re1 Qg7 34. Qd2 Bd7 35. Qe3
Be8 36. Nd2 Kh8 37. f4 Bd7 38. Rbb1 Re8 39. Nf3 Qh6 40. fxe5 Qxh3+ 41. Kg1 Qxg3+
42. Kf1 fxe5 43. Ke2 Bg4 44. Rg1 Qxf3+ 45. Qxf3 Bxf3+ 46. Kxf3 Rf6+ 47. Ke3 Ref8
48. Rg3 Kg7 49. Rh1 Ne7 50. Be2 h6 51. Rhg1 g5 52. Rxg5+ hxg5 53. Rxg5+ Ng6 54.
Bg4 Rd6 55. Bf5 Rff6 56. Bxg6 Rxg6 57. Rxe5 Rdf6 58. Rh5 Rg3+ 59. Ke2 Rg2+ 60.
Ke3 Rg3+ 61. Ke2 Rh6 62. Kf2 Rxh5 63. Kxg3 Kf6 64. Kf4 Rh4+ {White resigns} 0-1

[Event "Team 45 45 League T53"]
[Site "Internet Chess Club"]
[Date "2012.05.20"]
[Round "1"]
[White "viking99"]
[Black "flyingpawns"]
[Result "1/2-1/2"]
[WhiteElo "1812"]
[BlackElo "1826"]
[Opening "French: Burn variation"]
[ECO "C11"]
[Time "11:01:15"]
[TimeControl "2700+45"]

1. e4 e6 2. d4 d5 3. Nc3 Nf6 4. Bg5 dxe4 5. Nxe4 Be7 6. Bxf6 gxf6 7. Nf3 b6 8.
Bc4 Bb7 9. Qe2 Nd7 10. O-O-O c6 11. Rhe1 Qc7 12. Nc3 O-O-O 13. d5 cxd5 14. Bxd5
Nc5 15. Bxb7+ Qxb7 16. Qc4 Kb8 17. Rd4 Rxd4 18. Qxd4 Rd8 19. Qh4 Rg8 20. Qxh7
Rxg2 21. Qxf7 Qxf3 22. Qe8+ Kb7 23. Qxe7+ Ka6 24. Qe8 Rxh2 25. Qb5+ Kb7 26. Nd1
Qf4+ 27. Kb1 e5 28. a3 Qd2 29. Rg1 Rh7 30. b4 Ne4 31. Qd3 Qxd3 32. cxd3 Ng5 33.
Ne3 Rd7 34. Kc2 Nh3 35. Rg6 Nxf2 36. Rxf6 Nxd3 37. Nc4 Ne1+ {Game drawn by
mutual agreement} 1/2-1/2

[Event "Team 45 45 League T53"]
[Site "Internet Chess Club"]
[Date "2012.05.20"]
[Round "1"]
[White "WillC"]
[Black "Mobtaker"]
[Result "1-0"]
[WhiteElo "1848"]
[BlackElo "1663"]
[Opening "Réti opening"]
[ECO "A04"]
[Time "13:00:27"]
[TimeControl "2700+45"]

1. Nf3 c5 2. b3 d5 3. e3 Nf6 4. Bb2 e6 5. Be2 Nc6 6. O-O Bd6 7. d4 cxd4 8. exd4
O-O 9. Nbd2 b6 10. Ne5 Bb7 11. a3 Qc7 12. f4 Ne8 13. Bd3 f6 14. Nxc6 Bxc6 15.
Qh5 f5 16. Qf3 Nf6 17. Rae1 Ne4 18. Re2 Rf6 19. g3 Rg6 20. Rg2 Rg4 21. Qe3 Qe7
22. Nf3 h6 23. Ne5 Bxe5 24. dxe5 d4 25. Bxd4 Qxa3 26. Be2 h5 27. h3 Rg6 28. Bxh5
Rh6 29. Qe2 Rd8 30. Rd1 Qb4 31. Be3 Rxd1+ 32. Qxd1 Nc3 33. Qd8+ Kh7 34. Bf7
{Black resigns} 1-0

[Event "Team 45 45 League T53"]
[Site "Internet Chess Club"]
[Date "2012.05.17"]
[Round "1"]
[White "quotha"]
[Black "pishd"]
[Result "0-1"]
[WhiteElo "1660"]
[BlackElo "1769"]
[Opening "Caro-Kann: advance variation"]
[ECO "B12"]
[Time "15:05:24"]
[TimeControl "2700+45"]

1. e4 c6 2. d4 d5 3. e5 Bf5 4. f4 e6 5. Nf3 Nh6 6. Bd3 c5 7. O-O Nc6 8. c3 cxd4
9. Bxf5 Nxf5 10. cxd4 Qb6 11. Qa4 Be7 12. Kh1 O-O 13. Rd1 Rac8 14. b3 a6 15. Ba3
Bxa3 16. Nxa3 Qa7 17. b4 b5 18. Qb3 Nfxd4 19. Nxd4 Nxd4 20. Qd3 Nf5 21. g4 Ne3
22. Rg1 d4 23. h3 Rc3 {White resigns} 0-1

[Event "Team 45 45 League T53"]
[Site "Internet Chess Club"]
[Date "2012.05.20"]
[Round "1"]
[White "timothysmall56"]
[Black "vigneshv"]
[Result "0-1"]
[WhiteElo "1655"]
[BlackElo "1527"]
[Opening "French: classical, Steinitz variation"]
[ECO "C14"]
[Time "18:15:09"]
[TimeControl "2700+45"]

1. e4 e6 2. d4 d5 3. Nc3 Nf6 4. Bg5 Be7 5. e5 Nfd7 6. Bxe7 Qxe7 7. f4 a6 8. Nf3
c5 9. dxc5 Nc6 10. Qd2 Qxc5 11. O-O-O b5 12. Be2 Nb6 13. Nd4 Nc4 14. Bxc4 bxc4
15. Nxc6 Qxc6 16. Ne4 O-O 17. Nd6 Qb6 18. f5 Rb8 19. c3 exf5 20. Rhf1 g6 21. Qf2
Qxf2 22. Rxf2 Be6 23. Rfd2 Rb6 24. a4 f6 25. a5 Rc6 26. Rxd5 Bxd5 27. Rxd5 fxe5
28. Nb7 e4 29. Nc5 e3 30. Re5 Rd8 31. Nb7 Rd7 32. Re8+ Kf7 33. Nd8+ Kxe8 34.
Nxc6 e2 {White resigns} 0-1

[Event "Team 45 45 League T53"]
[Site "Internet Chess Club"]
[Date "2012.05.27"]
[Round "1"]
[White "Twan709"]
[Black "jjmolina"]
[Result "0-1"]
[WhiteElo "1712"]
[BlackElo "1913"]
[Opening "Ruy Lopez: closed, Chigorin, 12...c5d4"]
[ECO "C99"]
[Time "15:00:35"]
[TimeControl "2700+45"]

1. e4 e5 2. Nf3 Nc6 3. Bb5 a6 4. Ba4 Nf6 5. O-O Be7 6. Re1 b5 7. Bb3 d6 8. c3
O-O 9. h3 Na5 10. Bc2 c5 11. d4 Qc7 12. Nbd2 cxd4 13. cxd4 Nc6 14. Nb3 a5 15.
Be3 a4 16. Nbd2 Bd7 17. Rc1 Qb7 18. Qe2 Rfe8 19. Bd3 Rab8 20. Nf1 exd4 21. Nxd4
Ne5 22. Ng3 Nxd3 23. Qxd3 d5 24. Bf4 dxe4 25. Nxe4 Rbd8 26. Rc7 Qb6 27. Nc3 Bc5
28. Rd1 Nh5 29. Bh2 Bxd4 30. Nd5 Qe6 31. Qxd4 Qe1+ {White resigns} 0-1

[Event "Team 45 45 League T53"]
[Site "Internet Chess Club"]
[Date "2012.05.20"]
[Round "1"]
[White "IceBox"]
[Black "ddlj81"]
[Result "1/2-1/2"]
[WhiteElo "1838"]
[BlackElo "1801"]
[Opening "QGD Slav defense: exchange variation"]
[ECO "D13"]
[Time "09:00:08"]
[TimeControl "2700+45"]

1. d4 d5 2. c4 c6 3. cxd5 cxd5 4. Nc3 Nf6 5. Nf3 Nc6 6. Bf4 a6 7. e3 Bg4 8. h3
Bxf3 9. Qxf3 e6 10. Bd3 Bd6 11. Bg5 h6 12. Bxf6 {Game drawn by mutual agreement}
1/2-1/2

[Event "Team 45 45 League T53"]
[Site "Internet Chess Club"]
[Date "2012.05.18"]
[Round "1"]
[White "saZmer"]
[Black "frank001"]
[Result "0-1"]
[WhiteElo "1664"]
[BlackElo "1745"]
[Opening "Caro-Kann: Panov-Botvinnik attack"]
[ECO "B13"]
[Time "04:03:06"]
[TimeControl "2700+45"]

1. e4 c6 2. d4 d5 3. exd5 cxd5 4. c4 Nf6 5. cxd5 Nxd5 6. Nc3 Nc6 7. Nf3 Bg4 8.
Be2 e6 9. O-O Bb4 10. Qd3 O-O 11. Bg5 Qd7 12. Rac1 a6 13. Rfd1 h6 14. Bd2 Be7
15. Ne5 Nxe5 16. dxe5 Bf5 17. Qg3 Nxc3 18. Rxc3 Rfd8 19. h4 Qa4 20. a3 Bxh4 21.
Qe3 Rac8 22. g3 Bg5 23. f4 Be7 24. Bf3 Qb5 25. Rb3 Bc5 26. Rxb5 Bxe3+ 27. Bxe3
Rxd1+ 28. Bxd1 axb5 29. Kf2 Rd8 30. Bf3 Rd7 31. Ke2 Bd3+ 32. Ke1 Bc4 33. Bc5 Bd5
34. Be2 Bc6 35. Bd6 f6 36. Kd2 fxe5 37. fxe5 g6 38. Kc3 Kf7 39. Kb4 g5 40. Bh5+
Kg7 41. Kc5 Kh7 42. b4 Kg7 43. Kb6 Rd8 44. Ka7 Bd5 45. Kb6 Ra8 46. Kxb5 Rxa3 47.
g4 Bc6+ 48. Kb6 Rb3 49. Kc7 Bd5 50. Kd7 Rf3 51. Be7 Rf4 52. Bd6 b5 53. Be7 Bc4
54. Bd6 Rf3 55. Be7 Bd5 56. Bd6 Bc4 57. Be7 Rf4 58. Bd6 Rd4 59. Ke7 Bb3 60. Kd7
Bd5 61. Ke7 Rf4 62. Kd7 Rf7+ 63. Ke8 Ra7 64. Kd8 Bc6 65. Kc8 Ra8+ 66. Kc7 Be8
67. Bxe8 Rxe8 68. Kd7 Kf7 69. Kc6 Rc8+ 70. Kxb5 Ke8 71. Kb6 Kd7 72. b5 Rc4 73.
Kb7 Rxg4 74. b6 Rg1 75. Kb8 Rb1 76. b7 Kc6 77. Bf8 Rxb7+ 78. Kc8 Rh7 79. Kd8 g4
{White resigns} 0-1

[Event "Team 45 45 League T53"]
[Site "Internet Chess Club"]
[Date "2012.05.20"]
[Round "1"]
[White "BrianWood"]
[Black "crazyhorses"]
[Result "0-1"]
[WhiteElo "1411"]
[BlackElo "1460"]
[Opening "English opening"]
[ECO "A05"]
[Time "16:00:07"]
[TimeControl "2700+45"]

1. Nf3 Nf6 2. c4 d5 3. cxd5 Nxd5 4. d4 e6 5. e4 Nf6 6. Bg5 Be7 7. e5 Nd5 8. Bxe7
Qxe7 9. Nc3 Qb4 10. Qa4+ Qxa4 11. Nxa4 Nb4 12. Kd2 Bd7 13. Nc3 O-O 14. a3 N4c6
15. Bd3 Ne7 16. Rac1 a6 17. Ne4 Bc6 18. b4 Rd8 19. g4 Nd5 20. Rhg1 Nd7 21. g5
Nf8 22. Rg4 Ng6 23. h4 Ndf4 24. Bb1 a5 25. b5 Bxb5 26. Rxc7 Bc6 27. Ke3 Nd5+
{White resigns} 0-1